 Dungeon Crawl Stone Soup version 0.24.0-3-g28a8eb0610 (webtiles) character file.

Game seed: 12483937140038653289, levelgen mode: deterministic

28706 Gumption the Thaumaturge (level 13, 0/99 HPs)
             Began as a Gnoll Wanderer on Nov 1, 2019.
             Was a High Priest of Ashenzari.
             Killed from afar by a frost giant (20 damage)
             ... with a bolt of cold
             ... in an ice cave.
             The game lasted 03:14:23 (17056 turns).

Gumption the Thaumaturge (Gnoll Wanderer)          Turns: 17056, Time: 03:14:24

Health: 0/99       AC: 15    Str: 19    XL:     13   Next: 40%
Magic:  34/36      EV: 17    Int: 17    God:    Ashenzari [*****.]
Gold:   722        SH:  8    Dex: 13    Spells: 21/33 levels left

rFire    + . .     SeeInvis +   a - +2 long sword (venom)
rCold    + . .     Gourm    .   l - +1 buckler (curse)
rNeg     . . .     Faith    .   H - +0 ring mail (curse)
rPois    +         Spirit   .   x - +0 helmet
rElec    .         Reflect  .   J - scarf {rC+ rF+} (curse)
rCorr    .         Harm     .   R - +2 pair of gloves (curse)
MR       .....     Clarity  +   Q - +2 pair of boots {run} (curse)
Stlth    +++.......             q - amulet of regeneration (curse)
HPRegen  0.66/turn              k - ring of magical power (curse)
MPRegen  0.25/turn              N - ring of poison resistance (curse)

@: quick
A: distributed training, fangs 1, strong nose
a: Curse Item, Scrying, Renounce Religion


You were in an ice cave.
You worshipped Ashenzari.
Ashenzari was extremely pleased with you.
You were not hungry.

You visited 3 branches of the dungeon, and saw 16 of its levels.
You also visited: Sewer and Ice Cave.

You collected 849 gold pieces.
You spent 127 gold pieces at shops.

Inventory:

Hand Weapons
 a - a +2 long sword of venom (weapon)
 b - a +0 hunting sling
 w - a +1 flail of venom
 D - a +0 hand crossbow
 I - a +0 trident of piercing
Missiles
 h - 353 stones
 j - 40 poisoned darts (quivered)
 s - 3 throwing nets
 t - 91 sling bullets
 E - 63 bolts
 G - 9 javelins
Armour
 l - a cursed +1 buckler (worn)
 x - a +0 helmet (worn)
 H - a cursed +0 ring mail (worn)
 J - a cursed scarf of resistance (worn)
 Q - a cursed +2 pair of boots of running (worn)
 R - a cursed +2 pair of gloves (worn)
Magical Staves
 u - an uncursed staff of poison
Jewellery
 k - a cursed ring of magical power (left hand)
 q - a cursed amulet of regeneration (around neck)
 v - an uncursed ring of protection from fire
 K - an uncursed ring of magical power
 N - a cursed ring of poison resistance (right hand)
Wands
 d - a wand of enslavement (7)
 L - a wand of iceblast (7)
 O - a wand of flame (25)
 P - a wand of paralysis (9)
 T - a wand of clouds (7)
 W - a wand of acid (12)
Scrolls
 f - 2 scrolls of enchant armour
 g - 7 scrolls of remove curse
 r - 5 scrolls of identify
 y - 3 scrolls of fear
 z - a scroll of immolation
 A - 2 scrolls of fog
 C - 4 scrolls of teleportation
 S - a scroll of acquirement
Potions
 c - 2 potions of lignification
 i - 2 potions of resistance
 m - 2 potions of mutation
 n - 9 potions of curing
 p - 3 potions of heal wounds
 B - 6 potions of brilliance
 F - 3 potions of flight
 M - a potion of agility
 U - 4 potions of berserk rage
 X - a potion of might
Comestibles
 e - 26 rations


   Skills:
 + Level 8.6 Fighting
 + Level 8.1 Short Blades
 + Level 8.1 Long Blades
 + Level 8.1 Axes
 + Level 8.1 Maces & Flails
 + Level 8.1 Polearms
 + Level 8.1 Staves
 + Level 8.1 Slings
 + Level 8.1 Bows
 + Level 8.1 Crossbows
 + Level 8.1 Throwing
 + Level 8.1(10.8) Armour
 + Level 8.1(10.8) Dodging
 + Level 8.5 Stealth
 + Level 8.6(11.2) Shields
 + Level 8.6 Unarmed Combat
 + Level 10.7 Spellcasting
 + Level 6.7(10.8) Conjurations
 + Level 6.7(10.8) Hexes
 + Level 6.7(10.8) Charms
 + Level 7.1(11.1) Summonings
 + Level 7.1(11.1) Necromancy
 + Level 6.7(10.8) Translocations
 + Level 6.7(10.8) Transmutations
 + Level 6.7(10.8) Fire Magic
 + Level 6.7(10.8) Ice Magic
 + Level 6.7(10.8) Air Magic
 + Level 6.7(10.8) Earth Magic
 + Level 6.7(10.8) Poison Magic
 + Level 8.9 Invocations
 + Level 8.6(12.5) Evocations


You had 21 spell levels left.
You knew the following spells:

 Your Spells              Type           Power        Failure   Level  Hunger
a - Pain                  Necr           ####         1%          1    None
b - Animate Dead          Necr           N/A          1%          4    ###....
c - Vampiric Draining     Necr           #####.....   1%          3    None
e - Animate Skeleton      Necr           N/A          1%          1    None
z - Regeneration          Chrm/Necr      #####.....   1%          3    None

Your spell library contained the following spells:

 Spells                   Type           Power        Failure   Level  Hunger
 Apportation              Tloc           #####.       1%          1    None
 Confusing Touch          Hex            #####.       1%          1    None
 Summon Small Mammal      Summ           ####         1%          1    None


Dungeon Overview and Level Annotations

Branches:
Dungeon (11/15)            Temple (1/1) D:7            Lair (4/6) D:10
  Swamp (0/4) Lair:4       Spider (0/4) Lair:4          Orc (0/2) D:9
  Sewer (visited)           IceCv (1/1)

Altars:
Ashenzari
Cheibriados
Dithmenos
Elyvilon
Fedhas
Gozag
Hepliaklqana
Kikubaaqudgha
Makhleb
Nemelex Xobeh
Okawaru
Qazlal
Ru
Sif Muna
Trog
Uskayaw
Vehumet
Wu Jian
Xom
Yredelemnul
Zin
The Shining One

Shops:
D:9 !   D:10 ?

Annotations:
D:4 Menkaure
Lair:1 exclusion: 2 doors


Innate Abilities, Weirdness & Mutations

Your experience applies equally to all skills.
You have very sharp teeth.
Your uncanny sense of smell can sniff out nearby items.


Message History

* * * LOW HITPOINT WARNING * * *
The frost giant freezes you.
* * * LOW HITPOINT WARNING * * *
You feel much better.
The frost giant hits you with a +1 battleaxe of freezing!
* * * LOW HITPOINT WARNING * * *
The frost giant freezes you.
* * * LOW HITPOINT WARNING * * *
You hit the frost giant but do no damage.
The frost giant looks as sick as possible!
The frost giant is severely wounded.
You hit the frost giant but do no damage.
The frost giant looks as sick as possible!
The frost giant is almost dead.
The frost giant hits you but does no damage.
You barely miss the frost giant.
The frost giant is almost dead.
The frost giant points at you and mumbles some strange words.
The bolt of cold hits you!! You resist.
You die...

#..#..##
##..##..#
##
#..###..#
##. ##..#
#..## #..
#..##
##..# ##..
#..# ≈
#.## #...
##.## #..#
##... #..#
≈
##.###....
#@## ≈
*#..##....
##C# *≈≈
##......#
##.(# ≈
##.....#
#.(## * ≈
##...##
#.(#*≈≈ ≈
≈* #..###
#.(# ≈≈≈
≈≈≈ ##.# #
#.## ≈ ≈≈
** ### #
#..#**≈ ≈*
*# #..#
*≈≈≈ .


You could see a frost giant.

Vanquished Creatures
  Snorg (Lair:3)
  A hydra (Lair:2)
  2 two-headed ogres (D:11)
  Urug (Lair:2)
  A skeletal warrior (D:10)
  An ugly thing (D:11)
  A cyclops (D:11)
  A black mamba (Lair:2)
  Maurice (D:10)
  5 elephants (Lair:3)
  An ice statue (IceCv)
  2 centaur skeletons (D:10)
  4 spiny frogs
  A kobold demonologist (D:11)
  8 polar bears (IceCv)
  A hornet (D:8)
  4 hippogriffs
  2 dream sheep (D:10)
  2 wyverns (Lair:3)
  29 yaks
  A wraith (D:10)
  A steam dragon (D:10)
  2 hungry ghosts
  4 water moccasins
  7 porcupines
  6 orc warriors
  4 sky beasts
  2 phantoms
  9 ice beasts
  A necrophage (D:10)
  A black bear (D:6)
  4 ogres
  23 wolves
  6 centaurs (D:11)
  3 crocodiles
  10 bullfrogs
  8 big kobolds
  A scorpion (D:11)
  6 killer bees (D:9)
  5 wights
  A howler monkey (D:5)
  8 hounds
  9 crimson imps
  8 orc priests
  3 gnoll shamans
  A bullfrog skeleton (D:5)
  3 jellies
  9 orc wizards
  5 iguanas
  8 worker ants
  2 hound zombies
  A hound skeleton (D:4)
  A howler monkey zombie (D:6)
  3 worker ant zombies
  Robin (D:4)
  14 gnolls
  8 adders
  A howler monkey skeleton (D:8)
  A shadow imp (D:10)
  4 oozes
  4 adder skeletons
  2 worms
  3 dart slugs
  3 leopard geckos
  37 orcs
  A ball python (Sewer)
  9 bats
  4 giant cockroaches
  14 goblins
  10 hobgoblins
  11 jackals
  5 quokkas
  6 frilled lizards
  28 kobolds
  A leopard gecko skeleton (D:8)
  A leopard gecko zombie (D:5)
  5 rats
408 creatures vanquished.

Vanquished Creatures (collateral kills)
  A hydra (D:10)
  An ice statue (IceCv)
  A troll (D:11)
  A polar bear (IceCv)
  2 hippogriffs
  8 yaks
  Eustachio (D:6)
  A phantom (D:11)
  An ogre (D:6)
  2 crocodiles
  A big kobold (D:11)
  3 bullfrogs
  A howler monkey (D:2)
  A bullfrog zombie (D:9)
  2 hounds
  A bullfrog skeleton (D:7)
  2 iguanas (D:9)
  A gnoll (D:9)
  2 adders
  A worm (D:2)
  An orc (D:10)
  A giant cockroach (D:6)
  4 kobolds
  A rat (D:1)
  A fungus (Lair:2)
42 creatures vanquished.

Vanquished Creatures (others)
  A fungus (Lair:1)
  2 plants
3 creatures vanquished.

Grand Total: 453 creatures vanquished

Notes
Turn   | Place    | Note
-------+----------+-------------------------------------------
     0 | D:1      | Gumption the Gnoll Wanderer began the quest for the Orb.
     0 | D:1      | Gumption set off with the following items: a +0 club, 2
                  | potions of curing, a +0 robe, a ration; and the following
                  | spells available to memorise: Animate Skeleton, Pain,
                  | Vampiric Draining, Regeneration, Animate Dead
     0 | D:1      | Reached XP level 1. HP: 17/17 MP: 8/8
    45 | D:1      | Learned a level 1 spell: Pain
    47 | D:1      | Learned a level 1 spell: Animate Skeleton
   149 | D:1      | Reached XP level 2. HP: 22/23 MP: 7/10
   240 | D:1      | Found a shattered altar of Ashenzari.
   246 | D:1      | Became a worshipper of Ashenzari the Shackled
   687 | D:1      | Reached XP level 3. HP: 23/28 MP: 4/11
  1005 | D:2      | Reached skill level 1 in Invocations
  1419 | D:2      | Reached skill level 1 in Short Blades
  1419 | D:2      | Reached skill level 1 in Long Blades
  1419 | D:2      | Reached skill level 1 in Axes
  1419 | D:2      | Reached skill level 1 in Maces & Flails
  1419 | D:2      | Reached skill level 1 in Polearms
  1419 | D:2      | Reached skill level 1 in Staves
  1419 | D:2      | Reached skill level 1 in Slings
  1419 | D:2      | Reached skill level 1 in Bows
  1419 | D:2      | Reached skill level 1 in Crossbows
  1419 | D:2      | Reached skill level 1 in Throwing
  1419 | D:2      | Reached skill level 1 in Armour
  1419 | D:2      | Reached skill level 1 in Dodging
  1433 | D:2      | Reached XP level 4. HP: 30/34 MP: 13/13
  1590 | D:2      | Reached skill level 1 in Conjurations
  1590 | D:2      | Reached skill level 1 in Hexes
  1590 | D:2      | Reached skill level 1 in Charms
  1590 | D:2      | Reached skill level 1 in Translocations
  1590 | D:2      | Reached skill level 1 in Transmutations
  1590 | D:2      | Reached skill level 1 in Fire Magic
  1590 | D:2      | Reached skill level 1 in Ice Magic
  1590 | D:2      | Reached skill level 1 in Air Magic
  1590 | D:2      | Reached skill level 1 in Earth Magic
  1590 | D:2      | Reached skill level 1 in Poison Magic
  1639 | D:2      | Reached XP level 5. HP: 36/40 MP: 14/14
  1938 | D:2      | Found an iron altar of Okawaru.
  2055 | D:3      | Learned a level 3 spell: Vampiric Draining
  2059 | D:3      | Learned a level 3 spell: Regeneration
  2064 | D:3      | Learned a level 4 spell: Animate Dead
  2326 | D:3      | Reached * piety under Ashenzari
  2641 | D:4      | HP: 2/41 [poisoned by an adder]
  2650 | D:4      | Found a glowing drain.
  2652 | D:4      | Noticed Robin
  2657 | D:4      | Killed Robin
  2667 | Sewer    | Entered a sewer
  2736 | Sewer    | Noticed a big kobold
  2754 | Sewer    | Killed a big kobold
  2754 | Sewer    | Reached XP level 6. HP: 35/47 MP: 16/16
  3051 | Sewer    | Reached XP level 7. HP: 34/52 MP: 18/18
  3502 | D:4      | Noticed Menkaure
  3984 | D:5      | Entered Level 5 of the Dungeon
  4763 | D:5      | Reached XP level 8. HP: 55/60 MP: 19/19
  4774 | D:5      | Reached ** piety under Ashenzari
  5083 | D:6      | Noticed Eustachio
  5095 | D:6      | Killed Eustachio
  5108 | D:6      | Identified 2 scrolls of acquirement
  5109 | D:6      | Got the cursed arbalest of Tartarus {penet, rPois Dex+4
                  | SInv}
  5117 | D:6      | Identified a cursed +2 pair of boots of running (You
                  | acquired it on level 6 of the Dungeon)
  5230 | D:6      | Reached skill level 8 in Spellcasting
  5241 | D:6      | Found a glowing golden altar of the Shining One.
  5304 | D:6      | Found a shimmering altar of Xom.
  5952 | D:7      | Found a staircase to the Ecumenical Temple.
  5964 | Temple   | Entered the Ecumenical Temple
  6171 | D:7      | Found a sparkling altar of Nemelex Xobeh.
  6260 | D:7      | Reached XP level 9. HP: 51/66 MP: 21/21
  6855 | D:8      | Noticed a hornet
  6860 | D:8      | Paralysed by a hornet for 3 turns
  6873 | D:8      | HP: 1/66 [hornet (11)]
  6875 | D:8      | Killed a hornet
  7419 | D:8      | Reached skill level 5 in Fighting
  7419 | D:8      | Reached skill level 5 in Shields
  7419 | D:8      | Reached skill level 5 in Unarmed Combat
  7419 | D:8      | Reached skill level 5 in Evocations
  7643 | D:8      | Reached skill level 5 in Stealth
  7892 | D:8      | Reached skill level 5 in Invocations
  8456 | D:9      | Reached *** piety under Ashenzari
  8554 | D:9      | Reached XP level 10. HP: 72/74 MP: 11/22
  8675 | D:9      | Found Woix's Distillery.
  8683 | D:9      | Bought a potion of lignification for 45 gold pieces
  8882 | D:9      | Found a staircase to the Orcish Mines.
  9062 | D:9      | Reached skill level 5 in Short Blades
  9062 | D:9      | Reached skill level 5 in Long Blades
  9062 | D:9      | Reached skill level 5 in Axes
  9062 | D:9      | Reached skill level 5 in Maces & Flails
  9062 | D:9      | Reached skill level 5 in Polearms
  9062 | D:9      | Reached skill level 5 in Staves
  9062 | D:9      | Reached skill level 5 in Slings
  9062 | D:9      | Reached skill level 5 in Bows
  9062 | D:9      | Reached skill level 5 in Crossbows
  9062 | D:9      | Reached skill level 5 in Throwing
  9062 | D:9      | Reached skill level 5 in Armour
  9062 | D:9      | Reached skill level 5 in Dodging
  9936 | D:10     | Entered Level 10 of the Dungeon
 10043 | D:10     | Reached skill level 9 in Spellcasting
 10140 | D:10     | Found Sazofyoj's Magic Scroll Shop.
 10156 | D:10     | Bought a scroll of blinking for 82 gold pieces
 10314 | D:10     | Reached skill level 5 in Summonings
 10314 | D:10     | Reached skill level 5 in Necromancy
 10319 | D:10     | Reached **** piety under Ashenzari
 10421 | D:10     | Found a staircase to the Lair.
 10549 | D:10     | Noticed Maurice
 10569 | D:10     | Killed Maurice
 10587 | D:10     | Reached XP level 11. HP: 28/81 MP: 4/24
 11199 | D:10     | Noticed a two-headed hydra
 11211 | D:10     | Killed a one-headed hydra
 11211 | D:10     | Reached skill level 5 in Conjurations
 11211 | D:10     | Reached skill level 5 in Hexes
 11211 | D:10     | Reached skill level 5 in Charms
 11211 | D:10     | Reached skill level 5 in Translocations
 11211 | D:10     | Reached skill level 5 in Transmutations
 11211 | D:10     | Reached skill level 5 in Fire Magic
 11211 | D:10     | Reached skill level 5 in Ice Magic
 11211 | D:10     | Reached skill level 5 in Air Magic
 11211 | D:10     | Reached skill level 5 in Earth Magic
 11211 | D:10     | Reached skill level 5 in Poison Magic
 11757 | D:11     | Noticed a two-headed ogre
 11778 | D:11     | Killed a two-headed ogre
 11942 | D:11     | Noticed a cyan ugly thing
 11961 | D:11     | Killed a cyan ugly thing
 12113 | D:11     | Noticed a two-headed ogre
 12126 | D:11     | Killed a two-headed ogre
 12162 | D:11     | Noticed a skeletal warrior
 12162 | D:11     | Noticed a skeletal warrior
 12162 | D:11     | Noticed a skeletal warrior
 12613 | D:10     | Killed a skeletal warrior
 12830 | D:11     | Noticed a cyclops
 12845 | D:11     | Killed a cyclops
 12929 | D:11     | Found a shadowy altar of Dithmenos.
 13116 | Lair:1   | Entered Level 1 of the Lair of Beasts
 13163 | Lair:1   | Reached XP level 12. HP: 85/91 MP: 25/25
 13516 | Lair:1   | Reached skill level 10 in Spellcasting
 13784 | Lair:1   | Reached ***** piety under Ashenzari
 14028 | Lair:2   | Noticed Urug
 14044 | Lair:2   | Killed Urug
 14098 | Lair:2   | Noticed a six-headed hydra
 14109 | Lair:2   | Killed a six-headed hydra
 15015 | Lair:3   | Noticed Snorg
 15123 | Lair:3   | Found the +3 salamander hide armour {+Rage rF++}
 15486 | Lair:3   | Killed Snorg
 15788 | Lair:3   | Reached XP level 13. HP: 63/98 MP: 27/27
 16467 | Lair:4   | Found a frozen archway.
 16541 | IceCv    | Entered an ice cave
 17004 | IceCv    | Noticed a frost giant
 17056 | IceCv    | Killed from afar by a frost giant

Levels and vault maps discovered:
D:1:      dpeg_arrival_tiny_d, layout_rooms, evilmike_ruin_ashenzari
D:2:      layout_rooms, lemuel_round_altar, first_ration
D:3:      layout_rooms
D:4:      layout_loops_cross, portal_sewer_entry_d, minmay_fountain_box,
          uniq_menkaure, uniq_robin
D:5:      layout_loops_cross
D:6:      layout_loops_cross, basic_altar, tso_metal_star, uniq_eustachio
D:7:      layout_cave_pods, minmay_temple_entry_trees, basic_altar
D:8:      layout_basic
D:9:      layout_cave_pods, david_orc_2, serial_gnoll_camp, gnoll_camp_mini_hut,
          gnoll_camp_mini_doghouse, gnoll_camp_mini_hut, gnoll_camp_mini_shop,
          gnoll_camp_mini_hut
D:10:     layout_roguey, lair_entry_dummy, serial_shops, shop_coins,
          hangedman_ranch [blue_anna_fruit_fields], uniq_maurice
D:11:     minmay_weird_star, layout_irregular_city, basic_altar
Temple:   compressed_dpeg_triangle_lava_temple
Lair:1:   layout_roguey [special_room_bee], grunt_megastairs_3,
          lemuel_fruit_fields, serial_bayou_shore_a
Lair:2:   layout_small_grid, uniq_urug
Lair:3:   layout_chaotic_city, uniq_snorg
Lair:4:   layout_long_grid, nicolae_swamp_entry_splash_gauntlet,
          nicolae_spider_entry_tight_spaces, portal_ice_cave_entry_ice_beasts,
          minmay_holes, infiniplex_staircase_pool_2
IceCv:    ice_cave_small_giant

Skill      XL: |  1  2  3  4  5  6  7  8  9 10 11 12 13 |
---------------+----------------------------------------+-----
Summonings     | 2 3 4 5 6 7 |  7.1
Necromancy     | 2 3 4 5 6 7 |  7.1
Invocations    | 1 2 3 4 5 6 7 8 |  8.9
Short Blades   | 1 2 3 4 5 6 7 8 |  8.1
Long Blades    | 1 2 3 4 5 6 7 8 |  8.1
Axes           | 1 2 3 4 5 6 7 8 |  8.1
Maces & Flails | 1 2 3 4 5 6 7 8 |  8.1
Polearms       | 1 2 3 4 5 6 7 8 |  8.1
Staves         | 1 2 3 4 5 6 7 8 |  8.1
Slings         | 1 2 3 4 5 6 7 8 |  8.1
Bows           | 1 2 3 4 5 6 7 8 |  8.1
Crossbows      | 1 2 3 4 5 6 7 8 |  8.1
Throwing       | 1 2 3 4 5 6 7 8 |  8.1
Armour         | 1 2 3 4 5 6 7 8 |  8.1
Dodging        | 1 2 3 4 5 6 7 8 |  8.1
Conjurations   | 1 2 3 4 5 6 |  6.7
Hexes          | 1 2 3 4 5 6 |  6.7
Charms         | 1 2 3 4 5 6 |  6.7
Translocations | 1 2 3 4 5 6 |  6.7
Transmutations | 1 2 3 4 5 6 |  6.7
Fire Magic     | 1 2 3 4 5 6 |  6.7
Ice Magic      | 1 2 3 4 5 6 |  6.7
Air Magic      | 1 2 3 4 5 6 |  6.7
Earth Magic    | 1 2 3 4 5 6 |  6.7
Poison Magic   | 1 2 3 4 5 6 |  6.7
Fighting       | 3 4 5 6 7 8 |  8.6
Shields        | 3 4 5 6 7 8 |  8.6
Unarmed Combat | 3 4 5 6 7 8 |  8.6
Evocations     | 3 4 5 6 7 8 |  8.6
Stealth        | 3 4 5 6 7 8 |  8.5
Spellcasting   | 8 9 10 | 10.7

Action                   |  1- 3 |  4- 6 |  7- 9 | 10-12 | 13-15 || total
-------------------------+-------+-------+-------+-------+-------++-------
Melee: Club              |     4 |       |       |       |       ||     4
       Bite              |     1 |     1 |    20 |    74 |    32 ||   128
       Dagger            |     1 |       |       |       |       ||     1
       Flail             |       |    22 |   189 |   200 |       ||   411
       Long sword        |       |       |       |   266 |   193 ||   459
       Trident           |       |       |       |     1 |       ||     1
 Fire: Hunting sling     |     5 |    65 |   116 |   126 |    40 ||   352
Throw: Stone             |    10 |       |     2 |       |       ||    12
       Dart              |       |       |    17 |   208 |    25 ||   250
       Javelin           |       |       |       |     2 |       ||     2
 Cast: Pain              |    54 |    91 |   204 |   266 |     7 ||   622
       Animate Skeleton  |    14 |     6 |    29 |    35 |       ||    84
       Vampiric Draining |       |     1 |    22 |    70 |    25 ||   118
       Regeneration      |       |       |     3 |     9 |     1 ||    13
       Animate Dead      |       |       |       |    27 |     8 ||    35
Invok: Curse Item        |       |     2 |     3 |     1 |       ||     6
       Scrying           |       |       |       |     1 |       ||     1
Evoke: Wand              |       |       |       |     2 |       ||     2
  Use: Scroll            |     4 |     3 |    12 |     8 |     1 ||    28
       Potion            |       |     3 |     1 |     2 |     4 ||    10
 Stab: Distracted        |       |       |       |     4 |     2 ||     6
       Sleeping          |       |       |       |     1 |       ||     1
  Eat: Chunk             |     1 |     6 |     7 |    18 |     3 ||    35
       Ration            |       |       |     4 |     3 |     1 ||     8
Armor: Robe              |     2 |    14 |     1 |       |       ||    17
       Leather armour    |       |       |    34 |       |       ||    34
       Ring mail         |       |       |    24 |   218 |   126 ||   368
       Scale mail        |       |       |    13 |       |       ||    13
       Skin              |       |       |       |   121 |       ||   121
Dodge: Dodged            |    19 |    55 |   153 |   541 |   273 ||  1041
Block: Buckler           |     3 |    22 |    85 |   265 |   136 ||   511
       Rpst.: Long sword |       |       |       |    97 |    59 ||   156
